 Dungeon Crawl Stone Soup version 0.17-a0-2208-ge5ab1d3 (webtiles) character file.

12063 4thArraOfDagon the Bludgeoner (level 11, -6/105 HPs)
             Began as an Ogre Hunter on Oct 26, 2015.
             Was a High Priest of Makhleb.
             Mangled by a balrug
             ... wielding a +2 demon whip of draining
             ... summoned by the player character
              (14 damage)
             ... on level 12 of the Dungeon.
             The game lasted 00:41:27 (6704 turns).

4thArraOfDagon the Bludgeoner (Ogre Hunter)         Turns: 6704, Time: 00:41:28

Health: -6/105     AC:  5    Str: 19    XL:     11   Next: 87%
Magic:  14/14      EV: 14    Int: 13    God:    Makhleb [*****.]
Gold:   745        SH:  0    Dex: 12    Spells: 0 memorised, 10 levels left

rFire  . . .     SeeInvis +     w - +0 giant spiked club
rCold  . . .     Clarity  .     F - +1 robe "Finatz" {Slay+4}
rNeg   . . .     SustAt   .     (no shield)
rPois  .         Gourm    .     Q - +1 hat {MR+}
rElec  .         Spirit   .     a - +0 cloak
rCorr  .         Warding  .     (gloves unavailable)
rMut   .         Stasis   .     (boots unavailable)
MR     +++..                    (no amulet)
Stlth  +.........               A - +1 ring of evasion
                                u - ring of see invisible

@: about to teleport, hasted, very quick, extremely resistant to hostile
enchantments, very unstealthy
A: unfitting armour, claws 1, agile 1, deformed body, frail 1, magic resistance
1, tough skin 1, MP-powered wands
a: Minor Destruction, Lesser Servant of Makhleb, Major Destruction, Greater
Servant of Makhleb, Renounce Religion


You were on level 12 of the Dungeon.
You worshipped Makhleb.
Makhleb was extremely pleased with you.
You were hungry.

You visited 1 branch of the dungeon, and saw 15 of its levels.
You also visited: Ossuary.

You collected 745 gold pieces.

Inventory:

Hand Weapons
 c - a +2 flail of holy wrath
 d - a +2 whip of freezing
 j - a +0 flail
 k - a +0 giant club
 n - a +1 spear of flaming
 w - a +0 giant spiked club (weapon)
 x - the +7 Singing Sword
   (You found it on level 5 of the Dungeon)
 D - a +0 blowgun
Missiles
 f - a large rock (quivered)
 I - 16 poisoned needles
 K - a throwing net
Armour
 a - a +0 cloak (worn)
 F - the +1 robe "Finatz" (worn) {Slay+4}
   (You found it on level 10 of the Dungeon)

   It affects your accuracy and damage with ranged weapons and melee attacks
   (+4).
 Q - a +1 hat of magic resistance (worn)
Jewellery
 b - an uncursed ring of wizardry
 i - a +2 ring of strength
 u - a ring of see invisible (left claw)
 A - a +1 ring of evasion (right claw)
 B - an uncursed ring of fire
 M - an uncursed ring of stealth
 P - an uncursed ring of fire
Wands
 J - a wand of digging (16)
 L - a wand of paralysis (14)
 O - a wand of random effects (24)
 S - a wand of magic darts (21)
Scrolls
 g - 5 scrolls of enchant armour
 t - 7 scrolls of remove curse
 y - 3 scrolls of teleportation
Potions
 l - a potion of poison {unknown}
 m - 2 potions of resistance {unknown}
 o - a potion of beneficial mutation {unknown}
 p - 2 potions of brilliance {unknown}
 r - a potion of cure mutation {unknown}
 s - a potion of berserk rage {unknown}
 z - 7 potions of curing {unknown}
 C - 3 potions of haste
 E - a potion of flight
 G - a potion of invisibility
 H - 2 potions of lignification
 N - a potion of might {unknown}
Miscellaneous
 T - a fan of gales
Comestibles
 e - 11 bread rations
 h - 5 meat rations
 q - 2 chunks of flesh
 v - 9 beef jerkies
 V - 4 fruits


   Skills:
 + Level 9.8 Fighting
   Level 0.1 Short Blades
 * Level 16.7 Maces & Flails
 - Level 4.0 Throwing
 + Level 6.9 Dodging
 - Level 0.7 Stealth
 - Level 3.4 Invocations
 + Level 4.9 Evocations


You had 10 spell levels left.
You didn't know any spells.

Dungeon Overview and Level Annotations

Branches:
Dungeon (15/15)               Orc (0/4) D:12
 Temple: D:4-7         Lair: D:8-11      Vaults: D:13-14     Depths: D:15

Altars:
Dithmenos
Kikubaaqudgha
Makhleb
Qazlal
Ru
Vehumet
Yredelemnul

Portals:
Trove: D:13 (give wand of heal wounds (8))

Annotations:
D:7 Joseph
D:13 VAULTS, exclusion: upstairs


Innate Abilities, Weirdness & Mutations

You are too large for most types of armour.
You have tough skin (AC +1).
You have sharp fingernails.
You are agile. (Dex +2)
Armour fits poorly on your strangely shaped body.
You are frail (-10% HP).
You are resistant to hostile enchantments.
You expend magic power (3 MP) to strengthen your wands.


Message History

Read which item? (? for menu, Esc to quit)
As you read the scroll of teleportation, it crumbles to dust.
You feel strangely unstable. The slime creature hits you!!
The adder closely misses you.
Unknown command.
Unknown command.
Put on which piece of jewellery? (? for menu, Esc to quit)
Okay, then.
Drink which item? (? for menu, Esc to quit)
Okay, then.
Drink which item? (? for menu, Esc to quit)
You feel yourself speed up.
The hill giant hits you with a giant spiked club!
The slime creature hits you!
* * * LOW HITPOINT WARNING * * *
The adder misses you.
The balrug hits you with a demon whip of draining!!
* * * LOW HITPOINT WARNING * * *
You are engulfed in flames!
You die...

.....###..##################.#
.....#§#..# .# ....##§##.# .#
....##§##.# .# ....##.##.# .#
..........# ..........#
..........##############
..............DJ@S......
.......§....4.oC.2......
########################
#################
.................
....J............


You could see a balrug, a four-headed hydra, a slime creature, a hill giant, an
orc wizard, an adder and a friendly orange demon.

Vanquished Creatures
  A hill giant (D:14)
  Pikel (D:10)
  Maurice (D:8)
  A manticore (D:14)
  2 centaur skeletons
  A guardian mummy (D:13)
  A deep elf mage (D:13)
  2 slime creatures (D:12)
  A wyvern (D:8)
  26 yaks
  Grum (D:10)
  A hippogriff (D:9)
  A wolf (D:10)
  Edmund (D:4)
  A mottled dragon (D:14)
  A water moccasin (D:7)
  An ice beast (D:10)
  A wasp (D:13)
  An eye of draining (D:8)
  2 sky beasts (D:9)
  A slave (D:7)
  A phantom (D:9)
  3 ogres
  3 centaurs
  A crocodile (D:10)
  5 big kobolds
  8 giant frogs
  A water moccasin zombie (Ossuary)
  A wyvern skeleton (D:8)
  A killer bee (D:10)
  8 scorpions
  3 bog bodies (Ossuary)
  2 giant frog zombies (Ossuary)
  2 centaur zombies
  8 crimson imps
  4 hounds
  A giant frog skeleton (D:9)
  A gnoll shaman (D:6)
  4 jellies
  2 orc priests
  11 worker ants
  5 iguanas
  8 orc wizards
  6 hound zombies (Ossuary)
  4 worker ant zombies
  5 mummies (Ossuary)
  14 adders
  7 gnolls (D:6)
  2 river rats (D:10)
  2 shadow imps
  6 adder zombies
  An adder skeleton (D:7)
  A worm (D:4)
  2 giant geckos (D:5)
  30 orcs
  A giant cockroach (D:7)
  4 hobgoblins
  4 jackals
  A quokka (D:5)
  A ball python (D:2)
  A ball python zombie (Ossuary)
  19 bats
  4 giant newts
  2 goblins
  2 jackal skeletons (D:4)
  15 kobolds
  2 quokka skeletons
  2 quokka zombies
  11 rats
  A fungus (D:5)
282 creatures vanquished.

Vanquished Creatures (collateral kills)
  A slime creature (D:12)
  3 wolves (D:10)
  A wasp (D:10)
  A centaur zombie (D:10)
6 creatures vanquished.

Vanquished Creatures (others)
  5 fungi
  A plant (Ossuary)
6 creatures vanquished.

Grand Total: 294 creatures vanquished

Notes
Turn   | Place    | Note
--------------------------------------------------------------
     0 | D:1      | 4thArraOfDagon the Ogre Hunter began the quest for the Orb.
     0 | D:1      | Reached XP level 1. HP: 22/22 MP: 1/1
   146 | D:3      | Reached skill level 1 in Maces & Flails
   146 | D:3      | Reached XP level 2. HP: 28/31 MP: 2/2
   262 | D:3      | Noticed a worker ant
   266 | D:3      | Killed a worker ant
   266 | D:3      | Reached XP level 3. HP: 14/37 MP: 3/3
   358 | D:5      | Entered Level 5 of the Dungeon
   395 | D:5      | Reached XP level 4. HP: 30/45 MP: 4/4
   643 | D:6      | Reached skill level 5 in Maces & Flails
   671 | D:6      | Reached XP level 5. HP: 45/53 MP: 5/5
   734 | D:6      | Reached skill level 6 in Maces & Flails
   886 | D:7      | Noticed Joseph
   886 | D:7      | RI{P
   952 | D:6      | Noticed a giant frog
   962 | D:6      | Killed a giant frog
   962 | D:6      | Reached skill level 7 in Maces & Flails
   962 | D:6      | Reached XP level 6. HP: 50/61 MP: 6/6
  1037 | D:5      | Found a sacrificial altar of Ru.
  1069 | D:5      | Reached skill level 8 in Maces & Flails
  1211 | D:5      | Reached XP level 7. HP: 61/67 MP: 7/7
  1386 | D:4      | Noticed a centaur
  1388 | D:4      | Killed a centaur
  1388 | D:4      | Reached skill level 9 in Maces & Flails
  1408 | D:5      | Noticed a scorpion
  1408 | D:5      | Noticed a scorpion
  1562 | D:4      | Noticed Edmund
  1569 | D:4      | Killed Edmund
  1569 | D:4      | Reached skill level 10 in Maces & Flails
  1670 | D:4      | HP: 3/100 [iguana (8)]
  1757 | D:3      | Found a shadowy altar of Dithmenos.
  1859 | D:2      | Found a burning altar of Makhleb.
  1867 | D:2      | Became a worshipper of Makhleb the Destroyer
  2062 | D:6      | Noticed a centaur
  2063 | D:6      | Killed a centaur
  2063 | D:6      | Reached skill level 11 in Maces & Flails
  2063 | D:6      | Reached XP level 8. HP: 62/75 MP: 8/8
  2182 | D:5      | Killed a scorpion
  2198 | D:5      | Killed a scorpion
  2215 | D:5      | Noticed a scorpion
  2217 | D:5      | Killed a scorpion
  2217 | D:5      | Reached skill level 12 in Maces & Flails
  2264 | D:5      | Reached * piety under Makhleb
  2269 | D:5      | Noticed a scorpion
  2281 | D:5      | Killed a scorpion
  2286 | D:5      | Noticed a scorpion
  2291 | D:5      | Killed a scorpion
  2456 | D:6      | Reached skill level 1 in Invocations
  2511 | D:7      | Noticed a water moccasin
  2562 | D:7      | Noticed a yak
  2562 | D:7      | Noticed a yak
  2563 | D:7      | Noticed a yak
  2625 | D:6      | Reached ** piety under Makhleb
  2651 | D:6      | such quality
  2806 | D:7      | Killed a water moccasin
  2823 | D:7      | Noticed a slave
  2850 | D:7      | Killed a slave
  2916 | D:8      | Reached XP level 9. HP: 42/84 MP: 10/10
  2943 | D:8      | Found a sand-covered staircase.
  2948 | Ossuary  | Entered an ossuary
  3054 | Ossuary  | Reached skill level 13 in Maces & Flails
  3215 | D:8      | Gained mutation: You have sharp fingernails. [potion of mutation]
  3215 | D:8      | Gained mutation: You expend magic power (3 MP) to strengthen your wands. [potion of mutation]
  3215 | D:8      | Gained mutation: Armour fits poorly on your strangely shaped body. [potion of mutation]
  3267 | D:8      | Reached skill level 5 in Fighting
  3271 | D:8      | Reached *** piety under Makhleb
  3436 | D:8      | Noticed Maurice
  3454 | D:8      | Killed Maurice
  3454 | D:8      | Reached skill level 1 in Evocations
  3694 | D:9      | Found a radiant altar of Vehumet.
  3744 | D:9      | Found a sacrificial altar of Ru.
  3754 | D:9      | Found a stormy altar of Qazlal.
  3766 | D:9      | Reached skill level 14 in Maces & Flails
  3785 | D:9      | Gained mutation: You are agile. (Dex +2) [mutagenic meat]
  3787 | D:9      | Gained mutation: You are resistant to hostile enchantments. [mutagenic meat]
  3788 | D:9      | Gained mutation: You are frail (-10% HP). [mutagenic meat]
  3817 | D:9      | Reached XP level 10. HP: 35/90 MP: 12/12
  3833 | D:9      | Found a basalt altar of Yredelemnul.
  4042 | D:10     | Entered Level 10 of the Dungeon
  4052 | D:10     | Got a wizard robe
  4058 | D:10     | Noticed Grum
  4077 | D:10     | Killed Grum
  4097 | D:10     | Identified the +1 robe "Finatz" {Slay+4} (You found it on level 10 of the Dungeon)
  4126 | D:10     | Reached skill level 5 in Dodging
  4188 | D:10     | Noticed Pikel
  4201 | D:10     | Killed Pikel
  4279 | D:10     | Reached **** piety under Makhleb
  4481 | D:11     | Reached skill level 15 in Maces & Flails
  4506 | D:11     | why
  4573 | D:11     | Reached XP level 11. HP: 32/101 MP: 13/13
  4911 | D:12     | Found a staircase to the Orcish Mines.
  4911 | D:12     | Noticed a four-headed hydra
  4936 | D:13     | Found a portal to a secret trove of treasure.
  4966 | D:13     | Noticed a soul eater
  5071 | D:14     | Noticed a hill giant
  5101 | D:14     | Killed a hill giant
  5318 | D:13     | Noticed an eight-headed hydra
  5379 | D:13     | Found an ancient bone altar of Kikubaaqudgha.
  5443 | D:13     | Reached skill level 16 in Maces & Flails
  5475 | D:13     | Reached ***** piety under Makhleb
  5622 | D:15     | Entered Level 15 of the Dungeon
  6535 | D:10     | Noticed a hill giant
  6608 | D:11     | Identified a scroll of acquirement
  6615 | D:11     | D:
  6680 | D:12     | Noticed a hill giant
  6702 | D:12     | Noticed a balrug
  6704 | D:12     | Mangled by a balrug

Vault maps used:
D:1:      dpeg_arrival_shelter, minmay_cupped
D:2:      overflow_temple_1_default
D:3:      marbit_many_paths, ecumenical_altar_1, first_bread
D:4:      uniq_duvessa, uniq_edmund
D:5:      old_forge, serial_bayou, serial_bayou_pond_e, serial_bayou_lake_a,
          serial_bayou_pond_b, serial_bayou_crossing, portal_sewer_entry_d,
          basic_altar
D:6:      xom_butterflies, minmay_temple_entry_poolview, uniq_prince_ribbit1
D:7:      uniq_joseph, uniq_pikel
D:8:      enter_ossuary_2, grunt_ogre_cave, uniq_maurice
D:9:      grunt_temple_overflow_cloverleaf
D:10:     grunt_lair_entry_elf_guard_hut, uniq_grum
D:12:     david_orc_3, basic_altar, lemuel_flamethrower_3
D:13:     hangedman_vaults_entry_quadrant_bands,
          nicolae_trove_entry_path_of_doom, basic_altar
D:14:     minmay_misc_feat_tiny, minmay_strange_pillars
D:15:     hangedman_depths_entry_civil_slaughter, nicolae_wwwww,
          stair_cage_wide, uniq_josephine
Ossuary:  ossuary_zaba_flooded

Action                   |  1- 3 |  4- 6 |  7- 9 | 10-12 || total
-------------------------+-------+-------+-------+-------++-------
Melee: Short sword       |     9 |       |       |       ||     9
       Club              |    22 |    33 |       |       ||    55
       Mace              |    10 |     1 |       |       ||    11
       Flail             |       |    45 |   452 |    56 ||   553
       Spear             |       |       |     3 |       ||     3
       Whip              |       |       |       |   203 ||   203
       Giant spiked club |       |       |       |   160 ||   160
 Fire: Blowgun           |       |       |       |     5 ||     5
Throw: Large rock        |    15 |    25 |    40 |    14 ||    94
       Throwing net      |     2 |     5 |     1 |       ||     8
Invok: Lesser Servant of |       |       |       |     6 ||     6
       Greater Servant o |       |       |       |     1 ||     1
Evoke: Wand              |       |       |       |    11 ||    11
  Use: Scroll            |     3 |     3 |     7 |    16 ||    29
       Potion            |       |       |     5 |     4 ||     9
 Stab: Held in net/web   |       |     1 |       |       ||     1
       Sleeping          |       |       |     1 |     1 ||     2
       Distracted        |       |       |     1 |       ||     1
       Paralysed         |       |       |       |     9 ||     9
       Confused          |       |       |       |     2 ||     2
  Eat: Chunk             |       |     1 |    12 |     6 ||    19
       Fruit             |       |       |     1 |     5 ||     6
       Pizza             |       |       |       |     1 ||     1
